 Dungeon Crawl Stone Soup version 0.25-a0-661-g55ea3d2053 (webtiles) character file.

Game seed: 11603737724446243883, levelgen mode: deterministic

101784 ReteAZ the Brawler (level 16, -9/134 HPs)
             Began as a Ghoul Fighter on Mar 23, 2020.
             Was the Champion of Makhleb.
             Mangled by a naga warrior
             ... wielding a +0 flail
              (13 damage)
             ... on level 2 of the Snake Pit.
             The game lasted 01:01:25 (22070 turns).

ReteAZ the Brawler (Ghoul Fighter)                 Turns: 22070, Time: 01:01:25

Health: -9/134     AC: 20    Str: 22    XL:     16   Next: 31%
Magic:  21/21      EV: 17    Int:  8    God:    Makhleb [******]
Gold:   1568       SH: 17    Dex: 11    Spells: 15/15 levels left

rFire    + . .     SeeInvis .     - Unarmed
rCold    + + .     Gourm    .   b - +0 kite shield
rNeg     + + +     Faith    .   B - +5 chain mail
rPois    ∞         Spirit   .   (no helmet)
rElec    .         Reflect  +   U - scarf {rC+ rF+}
rCorr    .         Harm     .   K - +2 pair of gloves {Dex+3}
MR       +....                  (no boots)
Stlth    ..........             T - +5 amulet of reflection
HPRegen  0.00/turn              P - +4 ring of evasion
MPRegen  0.17/turn              u - +5 ring of evasion

@: rotting, constricted
A: rotting body, claws 1, carnivore, cold resistance 1, negative energy
resistance 3, inhibited regeneration, torment resistance, unbreathing
a: Minor Destruction, Lesser Servant of Makhleb, Major Destruction, Greater
Servant of Makhleb, Renounce Religion


You were on level 2 of the Snake Pit.
You worshipped Makhleb.
Makhleb was exalted by your worship.
You were not hungry.

You visited 4 branches of the dungeon, and saw 24 of its levels.
You also visited: Gauntlet, Ice Cave and Volcano.

You collected 1817 gold pieces.
You spent 249 gold pieces at shops.

Inventory:

Missiles
 h - 68 poisoned darts
 v - 11 boomerangs
 L - 16 silver javelins (quivered)
Armour
 b - a +0 kite shield (worn)
 t - a +2 chain mail of fire resistance
 B - a +5 chain mail (worn)
 K - a +2 pair of gloves of dexterity (worn)
 U - a scarf of resistance (worn)
Jewellery
 m - the ring "Vinokas" {rN+ Str+4 Stlth+}
   (You found it in a Gauntlet)

   [ring of stealth]

   It affects your strength (+4).
   It protects you from negative energy.
   It makes you more stealthy.
 s - an uncursed ring of resist corrosion
 u - a +5 ring of evasion (right hand)
 P - a +4 ring of evasion (left hand)
 Q - an uncursed ring of protection from fire
 T - a +5 amulet of reflection (around neck)
 Y - the ring "Uwniary" {Ice rElec Int+4 Dex+4 Slay+3}
   (You found it in an ice cave)

   [ring of ice]

   It enhances your ice magic.
   It affects your intelligence (+4).
   It affects your dexterity (+4).
   It affects your accuracy and damage with ranged weapons and melee attacks
   (+3).
   It makes you vulnerable to fire.
   It protects you from cold.
   It insulates you from electricity.
 Z - the ring of Byho Zeo {Ice MR++ Str-4 Int+5}
   (You found it in an ice cave)

   [ring of ice]

   It enhances your ice magic.
   It affects your strength (-4).
   It affects your intelligence (+5).
   It makes you vulnerable to fire.
   It protects you from cold.
   It affects your resistance to hostile enchantments.
Wands
 f - a wand of iceblast (21)
 F - a wand of polymorph (12)
 G - a wand of acid (2)
 H - a wand of flame (100)
 M - a wand of paralysis (43)
 O - a wand of clouds (2)
 R - a wand of disintegration (7)
 V - a wand of digging (3)
 W - a wand of random effects (15)
Scrolls
 g - 6 scrolls of magic mapping
 j - 3 scrolls of fog
 k - 8 scrolls of teleportation
 n - 12 scrolls of remove curse
 p - 6 scrolls of enchant armour
 w - 2 scrolls of acquirement {unknown}
 y - a scroll of vulnerability {unknown}
 C - a scroll of summoning
 I - 2 scrolls of fear {unknown}
 J - 4 scrolls of amnesia
 S - a scroll of brand weapon {unknown}
 X - 2 scrolls of enchant weapon {unknown}
Potions
 a - 2 potions of ambrosia
 c - 7 potions of might
 e - 8 potions of curing
 i - a potion of resistance
 o - 3 potions of cancellation
 r - 4 potions of haste
 x - a potion of lignification {unknown}
 A - 2 potions of mutation
 D - 4 potions of brilliance
 E - 2 potions of flight
 N - 3 potions of berserk rage
Comestibles
 d - 48 rations


   Skills:
 - Level 10.0 Fighting
 - Level 9.0 Throwing
 + Level 11.2 Armour
 - Level 8.0 Dodging
 + Level 11.2 Shields
 + Level 16.0 Unarmed Combat
 - Level 8.0 Invocations
 - Level 6.1 Evocations


You had 15 spell levels left.
You didn't know any spells.
Your spell library contained the following spells:

 Spells                   Type           Power        Failure   Level  Hunger
 Animate Skeleton         Necr           N/A          99%         1    ##.....
 Apportation              Tloc           #.....       99%         1    ##.....
 Corona                   Hex            #......      99%         1    ##.....
 Foxfire                  Conj/Fire      #...         99%         1    ##.....
 Infusion                 Chrm           #...         99%         1    ##.....
 Magic Dart               Conj           #...         99%         1    ##.....
 Sting                    Tmut/Pois      #...         99%         1    ##.....
 Summon Small Mammal      Summ           #...         99%         1    ##.....
 Blink                    Tloc           N/A          99%         2    ###....
 Call Imp                 Summ           #.......     99%         2    ###....
 Ensorcelled Hibernation  Hex/Ice        #.....       99%         2    ###....
 Poisonous Vapours        Pois/Air       #.....       99%         2    ###....
 Shroud of Golubria       Chrm/Tloc      #.....       99%         2    ###....
 Slow                     Hex            #.......     99%         2    ###....
 Song of Slaying          Chrm           #.......     99%         2    ###....
 Confusing Touch          Hex            #.......     100%        3    ####...
 Conjure Flame            Conj/Fire      #.......     100%        3    ####...
 Dazzling Flash           Conj/Hex       #.....       100%        3    ####...
 Ignite Poison            Fire/Tmut/Pois #.......     100%        3    ####...
 Inner Flame              Hex/Fire       #.......     100%        3    ####...
 Mephitic Cloud           Conj/Pois/Air  #.......     100%        3    ####...
 Ozocubu's Armour         Chrm/Ice       #.......     100%        3    ####...
 Spectral Weapon          Hex/Chrm       #.......     100%        3    ####...
 Tukima's Dance           Hex            #.......     100%        3    ####...
 Olgreb's Toxic Radiance  Pois           #.......     100%        4    #####..
 Sticky Flame             Conj/Fire      #.......     100%        4    #####..
 Fireball                 Conj/Fire      #.........   100%        5    ######.
 Metabolic Englaciation   Hex/Ice        #.........   100%        5    ######.
 Freezing Cloud           Conj/Ice/Air   #.........   100%        6    #######
 Ozocubu's Refrigeration  Ice            #.........   100%        6    #######
 Simulacrum               Ice/Necr       #.........   100%        6    #######
 Ice Form                 Ice/Tmut       Unusable     N/A         4    N/A

Dungeon Overview and Level Annotations

Branches:
Dungeon (15/15)            Temple (1/1) D:5            Lair (6/6) D:11
  Swamp (0/4) Lair:3        Snake (2/4) Lair:4        Slime (0/5) Lair:6
    Orc (0/2) D:11         Vaults (0/5) D:14         Depths (0/5) D:15
  IceCv (visited)         Volcano (visited)         Gauntlet (visited)

Altars:
Ashenzari
Cheibriados
Dithmenos
Elyvilon
Fedhas
Gozag
Hepliaklqana
Kikubaaqudgha
Makhleb
Nemelex Xobeh
Okawaru
Qazlal
Ru
Sif Muna
Trog
Uskayaw
Vehumet
Wu Jian
Xom
Yredelemnul
Zin
The Shining One
Jiyva

Shops:
D:10 !   D:13 [   Snake:1 (:

Annotations:
D:9 3 runed translucent doors, Rimox's ghost, novice VSFi
Lair:5 2 transporters
Lair:6 3 runed translucent doors, Kohma's ghost, journeyman DsAr


Innate Abilities, Weirdness & Mutations

Your body is rotting away.
You thrive on raw meat.
You are immune to poison.
You have sharp fingernails.
You are carnivorous and can eat meat at any time.
Your flesh is cold resistant. (rC+)
You are immune to negative energy. (rN+++)
You do not regenerate when monsters are visible.
You are immune to unholy pain and torment.
You can survive without breathing.


Message History

The naga warrior constricts you. The naga warrior blocks your attack.
The naga warrior is heavily wounded.
Your smoke demon hits the naga warrior.
Your smoke demon hits the naga warrior but does no damage.
The naga warrior blocks your smoke demon's attack.
You catch the helpless naga warrior completely off-guard!
You pummel the naga warrior!!
The naga warrior is almost dead.
You block the naga warrior's attack.
* * * LOW HITPOINT WARNING * * *
The naga warrior constricts you. The naga warrior blocks your attack.
The naga warrior is almost dead.
The naga warrior blocks your smoke demon's attack. x2
Your smoke demon completely misses the naga warrior.
You hit the naga warrior.
The naga warrior is almost dead.
The naga warrior hits you with a +0 flail!
You die...

#.........#
#.........+
#.........+
#.........+
#.........+
#.........#
#..%..N...#
#....@3..#
#.......##
+......##
#.<...##
##..)##
#####


You could see a naga warrior and a friendly smoke demon.

Vanquished Creatures
  Kirke (D:13)
  2 frost giants
  A minotaur (Gauntlet)
  A death ooze (Gauntlet)
  3 vault guards (D:14)
  Erolcha (D:11)
  2 hydras
  2 naga warriors (Snake:1)
  A merfolk avatar (Lair:6)
  6 centaur warriors
  An anaconda (Snake:1)
  2 catoblepae
  8 two-headed ogres
  A tengu warrior (D:15)
  A death knight (D:15)
  An ogre mage (D:15)
  2 death yaks
  A shock serpent (Snake:1)
  Nergalle (D:11)
  A salamander mystic (Snake:1)
  A skeletal warrior (D:15)
  A sea snake (Lair:6)
  A phantasmal warrior (D:15)
  An obsidian statue (Gauntlet)
  2 harpies (Lair:6)
  An oklob plant (D:11)
  6 ugly things
  A mana viper (Snake:1)
  3 manticores
  5 salamanders (Snake:1)
  3 cyclopes
  7 elephants
  6 black mambas
  An ice statue (IceCv)
  3 naga magi (Snake:1)
  4 gargoyles
  A spiny frog (shapeshifter) (D:12)
  21 spiny frogs
  Maurice (D:11)
  A torpor snail (Lair:4)
  4 centaur skeletons
  10 rime drakes
  A kobold demonologist (D:13)
  An efreet (D:15)
  11 komodo dragons
  A yaktaur (D:15)
  2 tengu conjurers (D:14)
  14 polar bears
  A wind drake (Lair:6)
  3 hornets
  A troll (D:11)
  9 slime creatures
  A meliai zombie (D:13)
  12 dream sheep
  17 blink frogs
  16 hippogriffs
  A wraith (D:15)
  41 yaks
  2 vampires
  6 shadows
  3 centaur simulacra (Gauntlet)
  A fire bat (Volcano)
  12 wyverns
  7 humans (D:14)
  A yak (shapeshifter) (D:14)
  3 hungry ghosts
  4 basilisks
  6 vampire mosquitoes
  A soldier ant (shapeshifter) (D:14)
  5 nagas (Snake:1)
  3 hell hounds
  2 acid dragons
  8 porcupines
  13 water moccasins
  2 orc warriors
  2 sky beasts
  3 black bears
  A swamp drake (Lair:3)
  4 phantoms
  4 ice beasts
  An eye of draining (D:11)
  A necrophage (D:11)
  11 ogres
  13 wolves (IceCv)
  8 centaurs
  16 crocodiles
  Blork the orc (D:5)
  3 big kobolds
  22 bullfrogs
  A wyvern zombie (D:13)
  2 wyvern skeletons
  3 scorpions
  7 killer bees
  3 wights (D:7)
  10 howler monkeys
  2 bullfrog zombies
  9 crimson imps
  A wyvern simulacrum (Gauntlet)
  2 centaur zombies
  6 jellies
  2 orc priests
  2 gnoll shamans (D:3)
  5 hounds
  6 orc wizards
  Jessica (D:3)
  A bullfrog skeleton (D:9)
  Ijyb (D:3)
  14 hell rats
  3 iguanas
  11 worker ants
  A bullfrog simulacrum (Gauntlet)
  A hound skeleton (D:7)
  A worker ant zombie (D:10)
  36 gnolls
  A howler monkey skeleton (D:11)
  A river rat (Lair:3)
  10 adders
  3 shadow imps
  10 white imps (D:13)
  6 oozes
  2 adder skeletons
  A worm (D:5)
  4 leopard geckos
  35 orcs
  4 giant cockroaches
  5 hobgoblins
  31 jackals
  2 ball pythons
  5 bats (D:1)
  6 frilled lizards
  9 goblins
  22 kobolds
  A leopard gecko skeleton (D:9)
  A leopard gecko zombie (D:5)
  A quokka zombie (D:6)
  9 rats
  A spectral orc (D:4)
  3 plants
728 creatures vanquished.

Vanquished Creatures (collateral kills)
  Frances (D:14)
  Aizul (Snake:1)
  A vault guard (D:14)
  2 elephants (Lair:6)
  2 blink frogs (Lair:6)
  A human (D:14)
  A water moccasin (Lair:6)
9 creatures vanquished.

Vanquished Creatures (others)
  A two-headed ogre (Volcano)
  2 humans (D:13)
  A wyvern (D:11)
  A centaur (Volcano)
  2 white imps (D:13)
  21 fungi
  20 plants
  5 withered plants (Gauntlet)
53 creatures vanquished.

Grand Total: 790 creatures vanquished

Notes
Turn   | Place    | Note
-------+----------+-------------------------------------------
     0 | D:1      | ReteAZ the Ghoul Fighter began the quest for the Orb.
     0 | D:1      | Reached XP level 1. HP: 19/19 MP: 0/0
   103 | D:1      | Reached XP level 2. HP: 15/26 MP: 1/1
   747 | D:2      | Reached skill level 3 in Unarmed Combat
   747 | D:2      | Reached XP level 3. HP: 29/31 MP: 2/2
   858 | D:2      | Found a radiant altar of Vehumet.
  1214 | D:2      | Found a shadowy altar of Dithmenos.
  1232 | D:2      | Found an opulent altar of Gozag.
  1242 | D:2      | Found a shimmering altar of Xom.
  1412 | D:3      | Found a shattered altar of Ashenzari.
  1628 | D:2      | Reached XP level 4. HP: 35/40 MP: 3/3
  2343 | D:3      | Noticed Ijyb
  2359 | D:3      | Killed Ijyb
  2359 | D:3      | Reached XP level 5. HP: 43/46 MP: 4/4
  2491 | D:3      | Reached skill level 4 in Unarmed Combat
  2791 | D:3      | Reached XP level 6. HP: 45/52 MP: 5/5
  3107 | D:3      | Noticed Jessica
  3114 | D:3      | Killed Jessica
  3330 | D:3      | Reached skill level 5 in Unarmed Combat
  3351 | D:3      | Reached XP level 7. HP: 38/60 MP: 6/6
  3802 | D:4      | Reached skill level 5 in Fighting
  4270 | D:4      | Found a white marble altar of Elyvilon.
  4272 | D:4      | Found a shimmering altar of Xom.
  4272 | D:4      | Found an ornate altar of the Wu Jian Council.
  4279 | D:4      | Found a shadowy altar of Dithmenos.
  4279 | D:4      | Found a basalt altar of Yredelemnul.
  4279 | D:4      | Found a sparkling altar of Nemelex Xobeh.
  4519 | D:4      | Found a basalt altar of Yredelemnul.
  4574 | D:5      | Entered Level 5 of the Dungeon
  4626 | D:5      | Reached skill level 6 in Unarmed Combat
  4813 | D:5      | Found a staircase to the Ecumenical Temple.
  4819 | Temple   | Entered the Ecumenical Temple
  4878 | Temple   | Became a worshipper of Makhleb the Destroyer
  4911 | D:5      | Reached skill level 7 in Unarmed Combat
  4911 | D:5      | Reached XP level 8. HP: 53/68 MP: 7/7
  4964 | D:5      | Found a bloodstained altar of Trog.
  5030 | D:5      | Reached skill level 8 in Unarmed Combat
  5205 | D:5      | Noticed Blork the orc
  5214 | D:5      | Killed Blork the orc
  5214 | D:5      | Reached skill level 9 in Unarmed Combat
  5322 | D:5      | Reached * piety under Makhleb
  5638 | D:6      | Reached skill level 10 in Unarmed Combat
  5672 | D:6      | Reached XP level 9. HP: 57/74 MP: 8/8
  5769 | D:6      | Found an iron altar of Okawaru.
  6017 | D:7      | Reached ** piety under Makhleb
  6057 | D:7      | Reached skill level 11 in Unarmed Combat
  6181 | D:7      | Reached skill level 12 in Unarmed Combat
  6661 | D:8      | Found a snail-covered altar of Cheibriados.
  7346 | D:8      | Reached skill level 13 in Unarmed Combat
  7348 | D:8      | Reached XP level 10. HP: 77/81 MP: 6/9
  7738 | D:9      | Reached *** piety under Makhleb
  7868 | D:9      | Found a runed translucent gate.
  7868 | D:9      | Found a runed translucent gate.
  7868 | D:9      | Found a runed translucent gate.
  7870 | D:9      | Noticed Rimox's ghost (novice VSFi)
  8106 | D:10     | Entered Level 10 of the Dungeon
  8208 | D:10     | Reached skill level 14 in Unarmed Combat
  8263 | D:10     | Noticed a gargoyle
  8273 | D:10     | Killed a gargoyle
  8501 | D:10     | Found Iruel's Distillery.
  8516 | D:10     | Bought a potion of curing for 33 gold pieces
  8705 | D:11     | Noticed Maurice
  8712 | D:11     | Killed Maurice
  8772 | D:11     | Reached skill level 15 in Unarmed Combat
  8783 | D:11     | Noticed Nergalle
  8795 | D:11     | Killed Nergalle
  8795 | D:11     | Reached skill level 1 in Dodging
  8800 | D:11     | Noticed an oklob plant
  8803 | D:11     | Found a staircase to the Lair.
  8908 | D:11     | Noticed a gargoyle
  8919 | D:11     | Killed a gargoyle
  8919 | D:11     | Reached XP level 11. HP: 63/89 MP: 7/10
  8977 | D:11     | Reached skill level 5 in Armour
  8977 | D:11     | Reached skill level 5 in Shields
  8998 | D:11     | Noticed Erolcha
  8998 | D:11     | Noticed a manticore
  9016 | D:11     | Killed Erolcha
  9019 | D:11     | Killed a manticore
  9042 | D:11     | Found a staircase to the Orcish Mines.
  9077 | D:11     | Reached **** piety under Makhleb
  9694 | Lair:1   | Entered Level 1 of the Lair of Beasts
  9740 | Lair:1   | Reached skill level 1 in Invocations
  9756 | Lair:1   | Reached skill level 1 in Evocations
 10313 | Lair:1   | Reached XP level 12. HP: 93/100 MP: 9/12
 10951 | Lair:2   | Reached skill level 5 in Dodging
 11458 | Lair:3   | Reached ***** piety under Makhleb
 11500 | Lair:3   | Reached skill level 5 in Invocations
 11842 | Lair:3   | Found a staircase to the Swamp.
 12147 | Lair:4   | Noticed a death yak
 12325 | Lair:4   | Found a staircase to the Snake Pit.
 12355 | Lair:4   | Reached skill level 5 in Evocations
 12358 | Lair:4   | Found a dark tunnel.
 12368 | Volcano  | Entered a volcano
 12392 | Volcano  | Noticed a two-headed ogre
 12392 | Volcano  | Noticed a two-headed ogre
 12400 | Volcano  | Killed a two-headed ogre
 12405 | Volcano  | Killed a two-headed ogre
 12419 | Volcano  | Noticed a two-headed ogre
 12422 | Volcano  | Noticed a two-headed ogre
 12430 | Volcano  | Killed a two-headed ogre
 12431 | Volcano  | Killed a two-headed ogre
 12898 | Lair:4   | Reached XP level 13. HP: 105/105 MP: 17/17
 13014 | Lair:4   | Reached skill level 1 in Throwing
 14019 | Lair:5   | Found a transporter.
 14401 | Lair:5   | Found a transporter.
 14616 | Lair:6   | Entered Level 6 of the Lair of Beasts
 14711 | Lair:5   | Reached ****** piety under Makhleb
 14803 | Lair:6   | Found a viscous altar of Jiyva.
 14803 | Lair:6   | Found a staircase to the Slime Pits.
 14815 | Lair:6   | Reached XP level 14. HP: 93/116 MP: 16/19
 14917 | Lair:6   | Found a runed translucent gate.
 14917 | Lair:6   | Found a runed translucent gate.
 14917 | Lair:6   | Found a runed translucent gate.
 14918 | Lair:6   | Noticed Kohma's ghost (journeyman DsAr)
 15387 | Lair:6   | Reached skill level 5 in Throwing
 16551 | D:13     | Found Dutagre's Antique Armour Emporium.
 16556 | D:13     | Bought a glowing scarf for 216 gold pieces
 16665 | D:13     | Found a frozen archway.
 16666 | D:13     | Noticed Kirke
 16705 | D:13     | Killed Kirke
 16705 | D:13     | Reached skill level 10 in Fighting
 16740 | IceCv    | Entered an ice cave
 17218 | IceCv    | Reached XP level 15. HP: 126/126 MP: 20/20
 17374 | IceCv    | Noticed a frost giant
 17416 | IceCv    | Killed a frost giant
 17505 | IceCv    | Got a brightly glowing copper ring
 17510 | IceCv    | Got a clouded wooden ring
 17524 | IceCv    | Identified the ring "Uwniary" {Ice rElec Int+4 Dex+4
                  | Slay+3} (You found it in an ice cave)
 17526 | IceCv    | Identified the ring of Byho Zeo {Ice MR++ Str-4 Int+5} (You
                  | found it in an ice cave)
 17966 | D:13     | Reached skill level 10 in Armour
 17966 | D:13     | Reached skill level 10 in Shields
 18367 | D:14     | You fall into a shaft and drop 1 floor!
 18367 | D:15     | Entered Level 15 of the Dungeon
 18533 | D:15     | Found a gate leading to a gauntlet.
 18537 | Gauntlet | Entered a Gauntlet
 18537 | Gauntlet | Found a transporter.
 18537 | Gauntlet | Found a transporter.
 18537 | Gauntlet | Found a transporter.
 18561 | Gauntlet | Found a transporter.
 18562 | Gauntlet | Found a transporter.
 18565 | Gauntlet | Found a transporter.
 18571 | Gauntlet | Found a transporter.
 18573 | Gauntlet | Found a transporter.
 18575 | Gauntlet | Found a transporter.
 18576 | Gauntlet | Found a transporter.
 18584 | Gauntlet | Found a transporter.
 18584 | Gauntlet | Found a transporter.
 19005 | Gauntlet | Got a twitching ivory ring
 19010 | Gauntlet | Identified the ring "Vinokas" {rN+ Str+4 Stlth+} (You found
                  | it in a Gauntlet)
 19186 | D:15     | Found a staircase to the Depths.
 19186 | D:15     | Noticed a frost giant
 19207 | D:15     | Killed a frost giant
 20208 | D:14     | Noticed Frances
 20232 | D:14     | Killed Frances
 20232 | D:14     | Reached XP level 16. HP: 110/134 MP: 18/21
 20361 | D:14     | Found a gate to the Vaults.
 20869 | Snake:1  | Entered Level 1 of the Snake Pit
 20872 | Snake:1  | Found Buonoe's Book Emporium.
 20880 | Snake:1  | Found Egraur's Weapon Emporium.
 21131 | Snake:1  | Noticed Aizul
 21176 | Snake:1  | Killed Aizul
 21336 | Snake:1  | HP: 4/134 [rock wall collision (18)]
 21362 | Snake:1  | HP: 2/134 [salamander mystic/bolt of magma (31)]
 21384 | Snake:1  | Reached skill level 16 in Unarmed Combat
 22068 | Snake:2  | HP: 4/134 [naga warrior/+0 flail (4)]
 22070 | Snake:2  | Mangled by a naga warrior

Levels and vault maps discovered:
D:1:      tarquinn_simple_flora_water_f, layout_loops_ring
D:2:      layout_basic, fiery_altar_vehumet, minmay_overflow_temple_star_quad,
          st_stairs_14
D:3:      lemuel_castle_with_subvaults [lemuel_castle_interior_carwin_2],
          layout_basic, lemuel_crystal_altar, uniq_jessica, uniq_ijyb
D:4:      corexii_shack_village, layout_loops_ring,
          yredelemnul_forgotten_temple_becter, doesnt_xom_only_xom
D:5:      layout_basic, overflow_temple_1_default,
          minmay_temple_entry_nine_rooms, first_ration,
          kennysheep_decorative_pillar, uniq_blork_the_orc
D:6:      layout_cave_pools, okawaru_altar_gauntlet_db
D:7:      layout_rooms
D:8:      layout_loops_ring, cheibriados_altar_1
D:9:      layout_loops_ring, ebering_ghost_rock_garden,
          hangedman_little_slice_of_home, hangedman_decor_opposing
D:10:     layout_roguey, serial_shops, shop
D:11:     layout_irregular_city, dpeg_oklobed_lair, orc_0_dummy, uniq_nergalle,
          uniq_maurice, uniq_erolcha
D:12:     layout_rooms, minmay_mirror_moons_of_madness
D:13:     layout_loops_corners, serial_shops, nicolae_shop_crystal,
          portal_ice_cave_entry_imps, uniq_kirke
D:14:     layout_long_grid, ximxim_vaults_locker_room, chequers_jeans,
          corexii_leaking_fountain, uniq_frances
D:15:     grunt_enter_depths_snipers, layout_gridville,
          chequers_serial_rivers_micro_a, gauntlet_entry_generic
Temple:   cyrus_circular_temple
Lair:1:   layout_concentric_octagons, chequers_serial_rivers_micro_a,
          infiniplex_staircase_pool
Lair:2:   layout_gridlike
Lair:3:   layout_regular_city, swamp_mist_pool, pond
Lair:4:   layout_roguey, dummy_snake_entry, special_room
          [special_room_mythical_zoo], nicolae_volcano_entry_hallway,
          grunt_megastairs_4
Lair:5:   gammafunk_cloud_chamber, layout_cave_pods, grunt_megastairs_5
Lair:6:   gammafunk_lair_ancient_temple, layout_misc_corridors, slime_altar_1,
          gammafunk_ghost_hydra_chop, st_stairs_10, lemuel_fruit_tree
Snake:1:  layout_chambers, grunt_ministairs_9, minmay_shop_star, uniq_aizul
Snake:2:  layout_gridlike

Skill      XL: |  1  2  3  4  5  6  7  8  9 10 11 12 13 14 15 16 |
---------------+-------------------------------------------------+-----
Unarmed Combat | 3 4 5 7 10 13 15 16 | 16.0
Shields        | 3 4 6 7 8 9 10 11 | 11.2
Armour         | 3 4 6 7 8 9 10 11 | 11.2
Fighting       | 4 5 7 8 10 | 10.0
Dodging        | 2 4 5 6 8 |  8.0
Invocations    | 2 7 8 |  8.0
Evocations     | 2 6 |  6.1
Throwing       | 4 6 9 |  9.0

Action                   |  1- 3 |  4- 6 |  7- 9 | 10-12 | 13-15 | 16-18 || total
-------------------------+-------+-------+-------+-------+-------+-------++-------
Melee: Unarmed           |   147 |   224 |   492 |   724 |  1887 |   269 ||  3743
Throw: Dart              |       |    10 |       |       |       |       ||    10
       Boomerang         |       |       |     5 |       |       |       ||     5
       Javelin           |       |       |       |     5 |     4 |       ||     9
Invok: Lesser Servant of |       |       |       |       |     4 |     3 ||     7
Evoke: Wand              |       |       |     3 |     8 |    11 |     7 ||    29
  Use: Potion            |       |     1 |     1 |     2 |     1 |     4 ||     9
       Scroll            |       |       |     8 |     2 |    18 |     1 ||    29
 Stab: Confused          |       |       |       |     2 |       |       ||     2
       Distracted        |       |       |       |       |     1 |     2 ||     3
  Eat: Chunk             |     9 |    27 |    44 |    34 |    54 |     9 ||   177
       Ration            |       |     1 |       |       |       |       ||     1
Armor: Scale mail        |    84 |    40 |    79 |       |       |       ||   203
       Plate armour      |       |       |    64 |       |       |       ||    64
       Chain mail        |       |       |    22 |   173 |   501 |    39 ||   735
Dodge: Dodged            |    54 |    51 |    92 |   227 |  1077 |    88 ||  1589
Block: Kite shield       |    79 |    90 |   200 |   262 |   956 |   153 ||  1740
       Reflection        |       |       |       |       |       |     8 ||     8

Table legend:
 A = Non-vault XP
 B = Vault XP
 C = Vault XP percentage of total XP
 D = Non-vault monster count
 E = Vault monster count
 F = Vault count percentage of total count
                 A         B        C        D         E       F
            +---------+---------+-------+---------+---------+-------
      Total |   87711 |   57696 |  39.7 |     485 |     251 |  34.1
            +---------+---------+-------+---------+---------+-------
        D:1 |      31 |       0 |   0.0 |      23 |       0 |   0.0
        D:2 |      47 |      17 |  26.6 |      14 |       3 |  17.6
        D:3 |      48 |     715 |  93.7 |      11 |      49 |  81.7
        D:4 |      28 |      23 |  45.1 |       8 |      13 |  61.9
        D:5 |    1016 |      99 |   8.9 |      29 |       1 |   3.3
        D:6 |     428 |      37 |   8.0 |      16 |       6 |  27.3
        D:7 |    1245 |       0 |   0.0 |      21 |       0 |   0.0
        D:8 |     552 |       0 |   0.0 |       9 |       0 |   0.0
        D:9 |    1319 |     160 |  10.8 |      25 |       8 |  24.2
       D:10 |    1663 |       0 |   0.0 |      12 |       0 |   0.0
       D:11 |    4957 |    2796 |  36.1 |      40 |       4 |   9.1
       D:12 |    3946 |    1705 |  30.2 |      31 |       7 |  18.4
       D:13 |    4415 |    2297 |  34.2 |      18 |      11 |  37.9
       D:14 |    7939 |    7161 |  47.4 |      32 |      13 |  28.9
       D:15 |   15698 |    3087 |  16.4 |      36 |       3 |   7.7
     Lair:1 |    3951 |       0 |   0.0 |      18 |       0 |   0.0
     Lair:2 |    2835 |       0 |   0.0 |      14 |       0 |   0.0
     Lair:3 |    4173 |     851 |  16.9 |      17 |      10 |  37.0
     Lair:4 |    7150 |    7427 |  51.0 |      31 |      27 |  46.6
     Lair:5 |    8592 |     517 |   5.7 |      38 |       1 |   2.6
     Lair:6 |    7705 |    9801 |  56.0 |      21 |      28 |  57.1
    Snake:1 |    9521 |    2762 |  22.5 |      20 |       3 |  13.0
    Snake:2 |     452 |       0 |   0.0 |       1 |       0 |   0.0
      IceCv |       0 |   12275 | 100.0 |       0 |      48 | 100.0
    Volcano |       0 |    2350 | 100.0 |       0 |       8 | 100.0
   Gauntlet |       0 |    3616 | 100.0 |       0 |       8 | 100.0
            +---------+---------+-------+---------+---------+-------
